[Event "*** Titled Tuesday Blitz"]
[Site "Chess.com"]
[Date "2021.04.06"]
[Round "10"]
[White "anasta10"]
[Black "Magila31"]
[Result "1-0"]
[WhiteElo "2540"]
[BlackElo "2342"]
[TimeControl "180+1"]
[EndTime "11:53:29 PDT"]
[Termination "anasta10 won by resignation"]

1. d4 Nf6 2. c4 g6 3. Nc3 Bg7 4. e4 d6 5. Bd3 O-O 6. Nge2 Nc6 7.
O-O e5 8. d5 Nd4 9. Be3 Nd7 10. Kh1 Nc5 11. Bb1 Nxe2 12. Qxe2 a5 13. Bc2 f5 14. exf5 gxf5 15. f4 e4 16. Qf2 Bxc3 17. bxc3 b6 18. Bd4 Qe8 19. Rae1 Qg6 20. Re3 Kf7 21. Rg3 Qh6 22. Rg7+ Ke8 23. Rxc7 Bd7 24.
Bxc5 bxc5 25. Rb1 Ke7 26. Rbb7 Rad8 27. Ba4 1-0

[Event "*** Titled Tuesday Blitz"]
[Site "Chess.com"]
[Date "2021.04.06"]
[Round "10"]
[White "mr65"]
[Black "Nemsko"]
[Result "1-0"]
[WhiteElo "2170"]
[BlackElo "2287"]
[TimeControl "180+1"]
[EndTime "11:53:46 PDT"]
[Termination "mr65 won by resignation"]

1. e4 e5 2. Nf3 Nc6 3. Bb5 a6 4. Ba4 Nf6 5. O-O b5 6. Bb3 Be7 7. Re1 d6 8. c3 O-O 9. h3 Na5 10. Bc2 c5 11. d4 exd4 12. cxd4 Nd7 13. Nc3 Nc6 14. d5 Nce5 15. Nxe5 Nxe5 16. f4 Ng6 17. e5 Bh4 18. Re2 dxe5 19. fxe5 Bb7 20. d6 Qd7 21. Ne4 Nxe5 22. Nxc5 Qc6 23. Nxb7 Qxb7 24. Rxe5 Bf6 25. Rf5 Qb6+ 26. Kh1 Rad8 27. Rxf6 gxf6 28. Qg4+ Kh8 29. Qf5 1-0

[Event "*** Titled Tuesday Blitz"]
[Site "Chess.com"]
[Date "2021.04.06"]
[Round "10"]
[White "Caterpiller35"]
[Black "tusplingher"]
[Result "1-0"]
[WhiteElo "2441"]
[BlackElo "2310"]
[TimeControl "180+1"]
[EndTime "11:53:59 PDT"]
[Termination "Caterpiller35 won by resignation"]

1. d4 Nf6 2. Bg5 Ne4 3. Bf4 d5 4. e3 c5 5. Bd3 Nc6 6. Bxe4 dxe4 7. d5 Nb4 8. Nc3 Bf5 9. g4 Bg6 10. Nge2 Qd7 11. a3 Na6 12. Ng3 Rd8 13. h4 h6 14. Qe2 Nc7 15. O-O-O a6 16. Bxc7 Qxc7 17. Ncxe4 e6 18. dxe6 Rxd1+ 19. Rxd1 fxe6 20. h5 Bh7 21. Qc4 Qe5 22. f4 Qc7 23. Qxe6+ Be7 24. Nd6+ 1-0

[Event "*** Titled Tuesday Blitz"]
[Site "Chess.com"]
[Date "2021.04.06"]
[Round "10"]
[White "Loy_Konstantin"]
[Black "UKR_Master"]
[Result "1-0"]
[WhiteElo "2370"]
[BlackElo "2482"]
[TimeControl "180+1"]
[EndTime "11:54:00 PDT"]
[Termination "Loy_Konstantin won by resignation"]

1. e4 c5 2. Nf3 d6 3. d4 cxd4 4. Qxd4 Nc6 5. Bb5 Bd7 6. Bxc6 Bxc6 7. Nc3 Nf6 8. Bg5 e6 9. O-O-O Be7 10. Rhe1 O-O 11.
e5 dxe5 12. Qh4 Qc7 13. Nxe5 Rad8 14. Ng4 Nd5 15. Rxd5 Bxg5+ 16. Rxg5 Qf4+ 17. Kb1 Rd4 18. g3 Qf3 19. Nh6+ Kh8 20. Qxd4 1-0

[Event "*** Titled Tuesday Blitz"]
[Site "Chess.com"]
[Date "2021.04.06"]
[Round "10"]
[White "guillembaches"]
[Black "alexrustemov"]
[Result "1/2-1/2"]
[WhiteElo "2511"]
[BlackElo "2647"]
[TimeControl "180+1"]
[EndTime "11:54:01 PDT"]
[Termination "Game drawn by repetition"]

1. e4 e6 2. d4 d5 3. exd5 exd5 4. Nf3 Bf5 5. Bd3 Bxd3 6. Qxd3 Nc6 7. O-O Qd7 8. c3 Nge7 9. b4 Qf5 10. Qd1 Ng6 11. Re1+ Be7 12. b5 Na5 13. Ba3 f6 14. Nh4 Nxh4 15. Rxe7+ Kd8 16. Rxg7 Re8 17. Nd2 b6 18. g3 Ng6 19. Qf3 Qxf3 20. Nxf3 Nc4 21. Bc1 Re7 22. Rg8+ Re8 23. Rg7 Re7 24. Rg8+ Re8 25. Rg7 1/2-1/2

[Event "*** Titled Tuesday Blitz"]
[Site "Chess.com"]
[Date "2021.04.06"]
[Round "10"]
[White "zurzan"]
[Black "monikarozman"]
[Result "1-0"]
[WhiteElo "2005"]
[BlackElo "2168"]
[TimeControl "180+1"]
[EndTime "11:54:02 PDT"]
[Termination "zurzan won by resignation"]

1. f4 d5 2. Nf3 Nf6 3. g3 c5 4.
Bg2 Nc6 5. O-O e6 6. d3 Be7 7. c3 O-O 8. Qc2 d4 9. h3 Qd6 10. a4 Rd8 11. Na3 a6 12. Nc4 Qc7 13. a5 Nd5 14. Nfe5 Nxe5 15. fxe5 Bf8 16. e4 dxe3 17.
Nxe3 Nxe3 18. Bxe3 Bd7 19. Qf2 Be8 20. d4 cxd4 21.
Bxd4 Rac8 22. Bb6 Bc5 23. Bxc5 Qxc5 24. Qxc5 Rxc5 25. Bxb7 Rxe5 26. Bxa6 Rd2 27. Rf2 Red5 28. Bb7 Rxf2 29. Kxf2 Rd2+ 30. Ke3 Rxb2 31. a6 1-0

[Event "*** Titled Tuesday Blitz"]
[Site "Chess.com"]
[Date "2021.04.06"]
[Round "10"]
[White "Alexander_Moskalenko"]
[Black "FairChess_on_YouTube"]
[Result "1-0"]
[WhiteElo "2771"]
[BlackElo "2981"]
[TimeControl "180+1"]
[EndTime "11:54:09 PDT"]
[Termination "Alexander_Moskalenko won by resignation"]

1. e4 c5 2. Ne2 Nf6 3. Nbc3 d5 4. exd5 Nxd5 5. d4 Nxc3 6. bxc3 g6 7. Be3 Bg7 8. dxc5 O-O 9. Qxd8 Rxd8 10. g3 Bd7 11.
Bg2 Bc6 12. O-O Bxg2 13. Kxg2 Na6 14. Rab1 Rd7 15. Rb5 Rc8 16. Rfb1 Rcc7 17. c6 Rxc6 18.
Rxb7 Rxb7 19. Rxb7 Kf8 20. Rxa7 Ke8 21. a4 Be5 22. Nd4 Bxd4 23. Bxd4 f6 24. f4 Nc7 25.
Kf3 Kd7 26. a5 Kd6 27. Ke4 Nb5 28. Rb7 Nxc3+ 29. Kd3 Nd5 30. c4 Nc7 31. Bb6 Na6 32. Kd4 e5+ 33. fxe5+ fxe5+ 34. Kc3 h5 35. Rg7 1-0

[Event "*** Titled Tuesday Blitz"]
[Site "Chess.com"]
[Date "2021.04.06"]
[Round "10"]
[White "Valeron87"]
[Black "ChampStan"]
[Result "1-0"]
[WhiteElo "2279"]
[BlackElo "2044"]
[TimeControl "180+1"]
[EndTime "11:54:09 PDT"]
[Termination "Valeron87 won by resignation"]

1. e4 e5 2. Nf3 Nc6 3. Nc3 Nf6 4.
g3 d5 5. exd5 Nxd5 6. Bg2 Nxc3 7. bxc3 Bc5 8. O-O O-O 9. d3 Bb6 10. Rb1 Bg4 11. h3 Bh5 12. Qe1 Re8 13. Nh4 Qd7 14. Qe4 Rad8 15. a4 Bg6 16. Nxg6 hxg6 17. Be3 Na5 18. Rb5 f5 19. Qh4 Bxe3 20. fxe3 b6 21.
c4 a6 22. Bd5+ Kf8 23. Qh8+ Ke7 24. Qxg7+ Kd6 25. Qxg6+ Re6 26. Bxe6 Qxe6 27. Rd5+ 1-0

[Event "*** Titled Tuesday Blitz"]
[Site "Chess.com"]
[Date "2021.04.06"]
[Round "10"]
[White "MarcoRiehle"]
[Black "BigAl"]
[Result "1-0"]
[WhiteElo "2678"]
[BlackElo "2506"]
[TimeControl "180+1"]
[EndTime "11:54:11 PDT"]
[Termination "MarcoRiehle won by checkmate"]

1. e4 c6 2. c4 e5 3. d4 d6 4. Nc3 Nd7 5. Be3 Ngf6 6. f3 g6 7. d5 cxd5 8. cxd5 Bg7 9. Qd2 O-O 10.
Bd3 Nh5 11. Nge2 f5 12. exf5 gxf5 13. O-O-O a6 14. Ng3 Nxg3 15. hxg3 Nc5 16. Bc2 b5 17. g4 b4 18. Ne2 Qa5 19. Kb1 Rb8 20. gxf5 Na4 21.
f6 Nc3+ 22. Nxc3 bxc3 23. Bxh7+ Kf7 24. fxg7 Rxb2+ 25. Qxb2 cxb2 26. gxf8=Q+ Kxf8 27. Bc2 e4 28. fxe4 Qc3 29. Bd4 Qg3 30. Rdf1+ Ke7 31. Rh7+ Ke8 32. Rh8+ Ke7 33. Rh7+ Ke8 34. Ba4+ Bd7 35. Bxd7+ Kd8 36.
Rf8+ Kc7 37. Bg4# 1-0

[Event "*** Titled Tuesday Blitz"]
[Site "Chess.com"]
[Date "2021.04.06"]
[Round "10"]
[White "ARMQUEEN"]
[Black "volkanyirik"]
[Result "1-0"]
[WhiteElo "2316"]
[BlackElo "2412"]
[TimeControl "180+1"]
[EndTime "11:54:14 PDT"]
[Termination "ARMQUEEN won by resignation"]

1. e4 c5 2. Nc3 d6 3. d4 cxd4 4.
Qxd4 a6 5. b3 Nc6 6. Qd2 Nf6 7.
Bb2 g6 8. O-O-O Bg7 9. Kb1 O-O 10. f3 Qa5 11. g4 Be6 12. h4 Rac8 13. h5 Ne5 14. hxg6 hxg6 15. Bg2 Qc7 16. Nge2 b5 17. Rh2 b4 18. Na4 Bxg4 19. fxg4 Nexg4 20. Rh4 Nf2 21. Rf1 N2g4 22. Rfh1 Qd7 23. Ng3 Qe6 24. Bf3 Ne5 25. Qh2 1-0

[Event "*** Titled Tuesday Blitz"]
[Site "Chess.com"]
[Date "2021.04.06"]
[Round "10"]
[White "LiverpooL174"]
[Black "Fandorine"]
[Result "0-1"]
[WhiteElo "2693"]
[BlackElo "2909"]
[TimeControl "180+1"]
[EndTime "11:54:16 PDT"]
[Termination "Fandorine won by resignation"]

1. Nf3 Nf6 2. b3 g6 3. Bb2 Bg7 4. g3 b6 5. Bg2 Bb7 6. O-O c5 7. c4 O-O 8. Nc3 d6 9. d4 cxd4 10. Qxd4 Nbd7 11. Nd5 Rc8 12. Rac1 Nc5 13. Ba1 Ncd7 14.
Rfd1 Re8 15. e4 a6 16. a4 Nc5 17. Nd2 Nh5 18. Qe3 Bxa1 19. Rxa1 e6 20. Nc3 Nf6 21. h3 Qc7 22. Rac1 Red8 23. b4 Ncd7 24. Nb3 Ne8 25. Bf1 Ne5 26. Nd2 Nc6 27. Rb1 Nf6 28. Kh2 h5 29. b5 Ne5 30. Be2 a5 31. f4 Ned7 32.
Nf3 Qc5 33. Qf2 Qxf2+ 0-1

[Event "*** Titled Tuesday Blitz"]
[Site "Chess.com"]
[Date "2021.04.06"]
[Round "10"]
[White "Grandmaster1369"]
[Black "northridgehawk"]
[Result "1-0"]
[WhiteElo "2437"]
[BlackElo "2305"]
[TimeControl "180+1"]
[EndTime "11:54:16 PDT"]
[Termination "Grandmaster1369 won by resignation"]

1. e4 e5 2. Nf3 Nc6 3. d4 exd4 4. Bc4 Nf6 5. e5 d5 6. Bb5 Ne4 7. Nxd4 Bd7 8. Bxc6 bxc6 9. O-O Bc5 10. f3 Ng5 11. Be3 O-O 12. f4 Ne6 13. c3 Bb6 14. a4 a5 15. f5 Nc5 16. Nd2 Re8 17.
f6 g6 18. N2f3 Ne6 19. Qe1 c5 20. Nxe6 Rxe6 21. Qh4 Bc6 22. Ng5 h5 23. Nxe6 fxe6 24. f7+ Kg7 25. f8=Q+ Qxf8 26. Rxf8 Rxf8 27. Rf1 Rxf1+ 28.
Kxf1 Be8 29. Qe7+ Bf7 30. Bxc5 1-0

[Event "*** Titled Tuesday Blitz"]
[Site "Chess.com"]
[Date "2021.04.06"]
[Round "10"]
[White "chessprincesa1"]
[Black "HouseOfDurin"]
[Result "0-1"]
[WhiteElo "2212"]
[BlackElo "2162"]
[TimeControl "180+1"]
[EndTime "11:54:17 PDT"]
[Termination "HouseOfDurin won by resignation"]

1. d4 Nf6 2. c4 c5 3. d5 b5 4. cxb5 a6 5. bxa6 Bxa6 6. Nc3 d6 7. e4 Bxf1 8. Kxf1 Nbd7 9. g3 g6 10. Kg2 Bg7 11. a4 Qa5 12. Nf3 O-O 13. Re1 Qb4 14. Qc2 Ng4 15. Bd2 Rfc8 16. Nb5 Qxb2 17. Qxb2 Bxb2 18. Rab1 Bf6 19. a5 Ra6 20. Na3 Nge5 21. Rb7 Nxf3 22. Kxf3 Ne5+ 23. Ke2 c4 24. Rc1 Rc5 25. f4 Nd3 26. Rxc4 Rxc4 27. Nxc4 Nc5 28. e5 Nxb7 29. exf6 exf6 30. Bb4 Kf8 31. Kd3 Ke7 32. Nb6 Nxa5 33. Nc8+ Kd7 34. Nxd6 Rxd6 0-1

[Event "*** Titled Tuesday Blitz"]
[Site "Chess.com"]
[Date "2021.04.06"]
[Round "10"]
[White "mary-sanna"]
[Black "OlifantCZ"]
[Result "0-1"]
[WhiteElo "2117"]
[BlackElo "2290"]
[TimeControl "180+1"]
[EndTime "11:54:19 PDT"]
[Termination "OlifantCZ won by checkmate"]

1. d4 Nf6 2. Bf4 g6 3. Nc3 c5 4.
d5 d6 5. e4 Bg7 6. Bb5+ Bd7 7.
a4 O-O 8. h3 Na6 9. Nf3 Nc7 10.
Bxd7 Nxd7 11. O-O a6 12. Re1 b5 13. axb5 axb5 14. e5 dxe5 15. Nxe5 Nxe5 16. Bxe5 Rxa1 17. Qxa1 Nxd5 18. Bxg7 Kxg7 19. Nxd5 Qxd5 20. Rxe7 Rd8 21. b4+ Qd4 22. Qxd4+ cxd4 23. Re5 Rc8 24. Rxb5 Rxc2 25. Rd5 Rc4 26. b5 Kf6 27. b6 Ke6 28. b7 Rc1+ 29. Kh2 Rb1 30. Rd8 Rxb7 31. Rxd4 Ke5 32. Rd2 f5 33.
Kg3 Rb3+ 34. f3 g5 35. Kf2 h5 36. g3 h4 37. Re2+ Kf6 38. Kg2 hxg3 39. Kxg3 Kg6 40. Re5 Rb2 41. Ra5 f4+ 42. Kg4 Rg2# 0-1

[Event "*** Titled Tuesday Blitz"]
[Site "Chess.com"]
[Date "2021.04.06"]
[Round "10"]
[White "Genghis_K"]
[Black "Eltaj_Safarli"]
[Result "1-0"]
[WhiteElo "2960"]
[BlackElo "2914"]
[TimeControl "180+1"]
[EndTime "11:54:21 PDT"]
[Termination "Genghis_K won by resignation"]

1. e4 c5 2. Nf3 Nc6 3. d4 cxd4 4. Nxd4 Nf6 5. Nc3 e6 6. Ndb5 Bb4 7. a3 Bxc3+ 8.
Nxc3 d5 9. Bd3 dxe4 10. Nxe4 Nxe4 11. Bxe4 Qxd1+ 12. Kxd1 Bd7 13. Be3 O-O-O 14. Kc1 Kc7 15. Rd1 e5 16. b4 f5 17. Bd5 f4 18. Bd2 Bg4 19. Bxc6 Bxd1 20. Be4 Bh5 21. Bc3 Rhe8 22. Kb2 Bg6 23. Re1 Bxe4 24. Rxe4 Kd6 25. a4 Kd5 26. f3 Rc8 27. Kb3 Rc6 28. Bb2 Rh6 29. c4+ Kd6 30. h3 Rg6 31. Re2 e4 32. c5+ Kd5 33. Rd2+ Kc6 34. b5+ Kxc5 35. Rd7 Kb6 36. Bd4+ Ka5 37. Rxb7 1-0

[Event "*** Titled Tuesday Blitz"]
[Site "Chess.com"]
[Date "2021.04.06"]
[Round "10"]
[White "CakeinSpace2002"]
[Black "Giorno"]
[Result "0-1"]
[WhiteElo "2331"]
[BlackElo "2481"]
[TimeControl "180+1"]
[EndTime "11:54:22 PDT"]
[Termination "Giorno won by resignation"]

1. d4 e6 2. c4 Bb4+ 3. Nc3 d5 4. e3 Ne7 5. Bd3 dxc4 6. Bxc4 c5 7. Nf3 Nbc6 8. O-O O-O 9. a3 Bxc3 10. bxc3 b6 11.
Qe2 Bb7 12. Bb2 cxd4 13. cxd4 Na5 14. Bd3 Rc8 15. e4 Ng6 16. g3 f5 17. exf5 exf5 18.
Ne5 Qd5 19. f3 Nxe5 20. dxe5 Nc4 21. Bc3 a5 22. Rad1 Qc5+ 23. Kg2 Ne3+ 24. Kh3 Nxd1 0-1

[Event "*** Titled Tuesday Blitz"]
[Site "Chess.com"]
[Date "2021.04.06"]
[Round "10"]
[White "Haykoooo0o"]
[Black "Louis64"]
[Result "1-0"]
[WhiteElo "2458"]
[BlackElo "2250"]
[TimeControl "180+1"]
[EndTime "11:54:23 PDT"]
[Termination "Haykoooo0o won by resignation"]

1. d4 Nf6 2. Nf3 g6 3. Bf4 Bg7 4. h3 d6 5. e3 O-O 6. Be2 Nbd7 7.
O-O b6 8. c3 Bb7 9. Bh2 Qe8 10.
Nbd2 e5 11. Nc4 e4 12. Nfd2 d5 13. Na3 Rc8 14. Nb5 Qd8 15. Nxa7 Ra8 16. Nb5 Ne8 17. c4 f5 18. a3 Ndf6 19. Rc1 c6 20. Nc3 Nd6 21. cxd5 Nxd5 22. Nxd5 cxd5 23. Qb3 Kh8 24. Qb4 Rf6 25. Rc2 Re6 26. Rfc1 Rc8 27. Rxc8 Nxc8 28. Rc7 Bc6 29. Ba6 Ne7 30. Qxb6 1-0

[Event "*** Titled Tuesday Blitz"]
[Site "Chess.com"]
[Date "2021.04.06"]
[Round "10"]
[White "IMAghasiyevKamal"]
[Black "731291"]
[Result "1-0"]
[WhiteElo "2550"]
[BlackElo "2662"]
[TimeControl "180+1"]
[EndTime "11:54:26 PDT"]
[Termination "IMAghasiyevKamal won by resignation"]

1. d4 Nf6 2. c4 e6 3. Nc3 Bb4 4. Nf3 O-O 5. e3 b6 6. Bd3 Bb7 7.
O-O Bxc3 8. bxc3 Ne4 9. Qc2 f5 10. Nd2 Qh4 11. f3 Nf6 12. a4 Nc6 13. Rb1 Rae8 14.
Ba3 Rf7 15. e4 fxe4 16. Nxe4 Nxe4 17. fxe4 Rxf1+ 18. Rxf1 d6 19. Qe2 Rf8 20. Rxf8+ Kxf8 21. e5 Ke7 22. d5 Nd8 23. exd6+ cxd6 24. Qe5 Ke8 25.
Bxd6 Qg4 26. Be2 Qg6 27. Bh5 1-0

[Event "*** Titled Tuesday Blitz"]
[Site "Chess.com"]
[Date "2021.04.06"]
[Round "10"]
[White "KetiGrant"]
[Black "AttilaTurzo"]
[Result "0-1"]
[WhiteElo "2354"]
[BlackElo "2505"]
[TimeControl "180+1"]
[EndTime "11:54:29 PDT"]
[Termination "AttilaTurzo won by resignation"]

1. e4 c6 2. d4 d5 3. e5 Bf5 4. Nd2 e6 5. Nb3 c5 6. dxc5 Bxc5 7. Nxc5 Qa5+ 8. c3 Qxc5 9. Nf3 Ne7 10. Be2 Nbc6 11.
O-O O-O 12. h3 Be4 13. Be3 Qa5 14. Bd4 Ng6 15. Re1 Qc7 16. Bd3 Bxf3 17. Qxf3 Ngxe5 18. Bxe5 Nxe5 19. Bxh7+ Kxh7 20. Qh5+ Kg8 21. Rxe5 g6 22.
Qe2 Rac8 23. Rd1 Kg7 24. Rd4 a6 25. h4 Rh8 26. h5 Rxh5 27. Rxh5 gxh5 28. Qxh5 Kf8 29. g3 Ke7 30. Rf4 Rf8 31. Qh6 Qe5 32. Kg2 Rh8 0-1

[Event "*** Titled Tuesday Blitz"]
[Site "Chess.com"]
[Date "2021.04.06"]
[Round "10"]
[White "SilviusTiberius"]
[Black "AlexOstrovskiy"]
[Result "0-1"]
[WhiteElo "2621"]
[BlackElo "2745"]
[TimeControl "180+1"]
[EndTime "11:54:31 PDT"]
[Termination "AlexOstrovskiy won by resignation"]

1. e4 d5 2. exd5 Nf6 3. d4 Bg4 4. f3 Bf5 5. c4 e6 6. g4 Bg6 7. g5 Nh5 8. dxe6 Nc6 9. d5 Nb4 10. Na3 Bc5 11. Bd2 Qe7 12. Qa4+ c6 13. Be2 O-O 14. Nh3 fxe6 15. dxc6 bxc6 16. Nf2 Rad8 17. Rd1 Rd4 18. Bc3 Rxd1+ 19. Qxd1 Rd8 20. Qb3 Nf4 21. Ne4 Bxe4 22. fxe4 Nfd3+ 23. Bxd3 Nxd3+ 24. Ke2 Qxg5 0-1

[Event "*** Titled Tuesday Blitz"]
[Site "Chess.com"]
[Date "2021.04.06"]
[Round "10"]
[White "anon102030"]
[Black "PolandHussars"]
[Result "1-0"]
[WhiteElo "2742"]
[BlackElo "2618"]
[TimeControl "180+1"]
[EndTime "11:54:32 PDT"]
[Termination "anon102030 won by resignation"]

1. e4 e5 2. Nf3 Nc6 3. Bc4 Be7 4.
d4 exd4 5. c3 d3 6. Qxd3 d6 7.
O-O Nf6 8. Bf4 O-O 9. Nbd2 Bg4 10. h3 Bh5 11. Rfe1 Bg6 12. Nh4 Ne5 13. Bxe5 dxe5 14.
Nxg6 hxg6 15. Qe3 Qd6 16. Rad1 Rad8 17. Bb3 Qb6 18. Qe2 Qc5 19. Nf3 Nh5 20. Kh2 Nf4 21.
Qc2 Rxd1 22. Rxd1 Rd8 23. Rxd8+ Bxd8 24. g3 Nh5 25. Kg2 Kf8 26. Qd3 Qd6 27. Qb5 Nf6 28. Nxe5 Nxe4 29. Nxf7 Qd2 30. Qb4+ 1-0

[Event "*** Titled Tuesday Blitz"]
[Site "Chess.com"]
[Date "2021.04.06"]
[Round "10"]
[White "PSvidler"]
[Black "MITerryble"]
[Result "1-0"]
[WhiteElo "2987"]
[BlackElo "2911"]
[TimeControl "180+1"]
[EndTime "11:54:35 PDT"]
[Termination "PSvidler won by resignation"]

1. e4 e6 2. d4 d5 3. Nc3 Nf6 4. e5 Nfd7 5. Nce2 c5 6. c3 cxd4 7. cxd4 f6 8. f4 fxe5 9. dxe5 Nc6 10. Be3 Bb4+ 11. Kf2 O-O 12. Nf3 g5 13. g3 g4 14.
Ned4 Nxd4 15. Nxd4 Nxe5 16. h3 Ng6 17. hxg4 e5 18.
Nf5 Bxf5 19. gxf5 exf4 20. gxf4 Rxf5 21. Bd3 Rf6 22. Qh5 Qe7 23. Bxg6 Rxg6 24. Rag1 Rxg1 25. Rxg1+ Kf8 26. Qh6+ Ke8 27. Rg8+ Kd7 28. Rg7 1-0

[Event "*** Titled Tuesday Blitz"]
[Site "Chess.com"]
[Date "2021.04.06"]
[Round "10"]
[White "LenkaPtacnikova"]
[Black "Sjakkerntobi"]
[Result "1-0"]
[WhiteElo "2218"]
[BlackElo "2372"]
[TimeControl "180+1"]
[EndTime "11:54:35 PDT"]
[Termination "LenkaPtacnikova won by resignation"]

1. c4 c5 2. g3 g6 3. Bg2 Bg7 4. Nc3 Nc6 5. Nf3 d6 6. O-O e6 7. e4 Nge7 8. d3 O-O 9. Be3 Nd4 10. Qd2 Nec6 11. Ne2 Rb8 12. Nexd4 cxd4 13. Bf4 b5 14. cxb5 Rxb5 15. Rac1 Rb6 16. Rc4 Ba6 17. Ra4 Qb8 18. Rb1 Rc8 19. b4 Bb5 20. Ra3 Bf8 21. Rab3 Ra6 22.
R3b2 Ra3 23. Rb3 Ra6 24. g4 Bg7 25. h4 Ne5 26. Nxe5 dxe5 27. Bg3 Qc7 28. Bf1 Qc2 29. R3b2 Qxd2 30. Rxd2 f6 31. Be2 Ra5 32. bxa5 1-0

[Event "*** Titled Tuesday Blitz"]
[Site "Chess.com"]
[Date "2021.04.06"]
[Round "10"]
[White "Fortitudine"]
[Black "anpospan"]
[Result "0-1"]
[WhiteElo "2276"]
[BlackElo "2398"]
[TimeControl "180+1"]
[EndTime "11:54:37 PDT"]
[Termination "anpospan won by checkmate"]

1. c4 Nc6 2. g3 e5 3. Bg2 f5 4.
Nc3 Nf6 5. a3 a5 6. d3 d6 7. e3 Be7 8. Nge2 O-O 9. O-O g5 10.
Nd5 Nxd5 11. cxd5 Nb8 12. f4 gxf4 13. gxf4 Nd7 14. Kh1 Kh8 15. b3 Rg8 16. Rg1 Bf6 17. Bb2 exf4 18. Bxf6+ Qxf6 19. Nxf4 Ne5 20. Rc1 c5 21.
dxc6 Ng4 22. Qf3 Qh4 23. h3 Nf2+ 24. Kh2 bxc6 25. Bh1 Ng4+ 26. Rxg4 fxg4 27. Qxc6 gxh3 28. Qxa8 Qg3# 0-1

[Event "*** Titled Tuesday Blitz"]
[Site "Chess.com"]
[Date "2021.04.06"]
[Round "10"]
[White "atwalcb"]
[Black "Niktlt"]
[Result "0-1"]
[WhiteElo "2469"]
[BlackElo "2576"]
[TimeControl "180+1"]
[EndTime "11:54:39 PDT"]
[Termination "Niktlt won on time"]

1. d4 Nf6 2. Bg5 d5 3. Bxf6 gxf6 4. c4 c5 5. dxc5 Qa5+ 6. Qd2 Qxc5 7. cxd5 Bf5 8. Nc3 Nd7 9. e4 Bg6 10. Rc1 Qb6 11. Bb5 h5 12. Bxd7+ Kxd7 13. Nge2 Bh6 14.
f4 Rhc8 15. g3 Rc4 16. b3 Rc7 17. Nd4 Rac8 18. O-O Bxe4 19. Na4 Qa6 20. Rce1 f5 21. Qb4 Qd6 22. Qb5+ Kd8 23. b4 Bg7 24. Nb3 Rc2 25. Rf2 Rxf2 26. Kxf2 Rc2+ 27. Kf1 Qxd5 28. Qxd5+ Bxd5 29. Rd1 e6 30. Nbc5 Kc7 0-1

[Event "*** Titled Tuesday Blitz"]
[Site "Chess.com"]
[Date "2021.04.06"]
[Round "10"]
[White "esapunov"]
[Black "profofchess"]
[Result "1-0"]
[WhiteElo "2707"]
[BlackElo "2507"]
[TimeControl "180+1"]
[EndTime "11:54:48 PDT"]
[Termination "esapunov won on time"]

1. c4 e5 2. Nf3 Nc6 3. Nc3 Nf6 4. e3 Bb4 5. Qc2 Bxc3 6. Qxc3 Qe7 7. a3 e4 8. Nd4 O-O 9. b4 Ne5 10. Bb2 d6 11. f4 Ng6 12. Be2 c5 13. bxc5 dxc5 14. Nb3 b6 15. g4 Nh4 16. O-O-O Bb7 17. g5 Ne8 18. Rdg1 a5 19. Rg4 Nf5 20. h4 a4 21.
Na1 Ned6 22. h5 b5 23. cxb5 Qd7 24. h6 Nxb5 25. Bxb5 Qxb5 26. hxg7 Rfd8 27. Qe5 Qc4+ 28. Nc2 Rd5 29. Qc3 Qxc3 30. Bxc3 Ba6 31. Rg2 Bd3 32. Rgh2 1-0

[Event "*** Titled Tuesday Blitz"]
[Site "Chess.com"]
[Date "2021.04.06"]
[Round "10"]
[White "xozr"]
[Black "manuellarrea"]
[Result "1-0"]
[WhiteElo "2364"]
[BlackElo "2246"]
[TimeControl "180+1"]
[EndTime "11:54:49 PDT"]
[Termination "xozr won by resignation"]

1. e4 c5 2. Nf3 Nc6 3. d4 cxd4 4. Nxd4 Nf6 5. Nc3 e5 6. Ndb5 d6 7. Bg5 a6 8. Na3 b5 9. Nd5 Be7 10. Bxf6 Bxf6 11. c4 b4 12. Nc2 a5 13. h4 O-O 14.
g3 Be6 15. Bh3 Rc8 16. b3 Nb8 17. Qf3 Na6 18. Nce3 Nc5 19. h5 Bg5 20. Bf5 g6 21. hxg6 fxg6 22. Bxe6+ Nxe6 23. Qg4 Qe8 24. O-O-O a4 25.
Rhf1 axb3 26. axb3 Rf7 27. Kb2 Ra8 28. Ra1 Rfa7 29.
Rxa7 Rxa7 30. f4 exf4 31. gxf4 Bd8 32. f5 Nc5 33. fxg6 Qxg6 34. Qxg6+ hxg6 35. Nxb4 Kg7 36. Nc6 Rc7 37. Nxd8 Re7 38. Nd5 1-0

[Event "*** Titled Tuesday Blitz"]
[Site "Chess.com"]
[Date "2021.04.06"]
[Round "10"]
[White "Nuvas"]
[Black "vugarrasulov"]
[Result "0-1"]
[WhiteElo "2609"]
[BlackElo "2872"]
[TimeControl "180+1"]
[EndTime "11:54:51 PDT"]
[Termination "vugarrasulov won by resignation"]

1. d4 d5 2. c4 dxc4 3. e3 e5 4. Bxc4 exd4 5. exd4 Nf6 6. Qb3 Qe7+ 7. Ne2 Qb4+ 8.
Nbc3 Qxb3 9. Bxb3 Bd6 10. O-O a6 11. Bf4 O-O 12. Bxd6 cxd6 13. Nf4 Nc6 14. Rad1 Bf5 15. Ncd5 Nxd5 16. Nxd5 Rac8 17. Rfe1 Rfe8 18. Nb6 Rcd8 19.
Rxe8+ Rxe8 20. Nc4 Rd8 21. f3 Kf8 22. Kf2 h5 23.
Ne3 Bg6 24. Bd5 Ne7 25. Be4 Bxe4 26. fxe4 Nc6 27. Rd3 Rc8 28. Rc3 Re8 29. Kf3 Nxd4+ 30. Kf2 Rxe4 31. Nd5 g5 32. Rc8+ Kg7 33. Nc3 Re7 34. Rc4 Nc6 35. Nd5 Re5 36. Ne3 f5 37. g3 Kg6 38. a4 Rc5 39. b4 Rxc4 40. Nxc4 d5 41. Nd6 Nxb4 42. Nxb7 Kf6 43. Ke3 Ke5 44. Nc5 d4+ 45. Kd2 Kd5 46. Nd7 Ke6 47. Nc5+ Kd6 48. Nb3 Kd5 49. Nc1 f4 50. gxf4 gxf4 51. Ne2 Ke4 0-1

[Event "*** Titled Tuesday Blitz"]
[Site "Chess.com"]
[Date "2021.04.06"]
[Round "10"]
[White "rquery98"]
[Black "steka121"]
[Result "1-0"]
[WhiteElo "2665"]
[BlackElo "2376"]
[TimeControl "180+1"]
[EndTime "11:54:52 PDT"]
[Termination "rquery98 won by resignation"]

1. Nf3 e6 2. g3 b5 3. Bg2 Bb7 4. d3 Be7 5. O-O Nf6 6. e4 O-O 7. e5 Nd5 8. c4 bxc4 9. dxc4 Nb6 10. b3 d6 11. Qe2 N8d7 12. Bb2 dxe5 13. Nxe5 Bxg2 14.
Kxg2 Nxe5 15. Bxe5 Bf6 16. Rd1 Qxd1 17. Qxd1 Bxe5 18.
Nd2 Bxa1 19. Qxa1 Rfd8 20. Ne4 a5 21. Qe5 Rd7 22. h4 h6 23. g4 a4 24. g5 hxg5 25. Qxg5 Kf8 26. h5 axb3 27. axb3 Ra2 28. h6 gxh6 29.
Qxh6+ Ke7 30. Qh4+ Kf8 31. c5 Nc8 32. Qh8+ 1-0

[Event "*** Titled Tuesday Blitz"]
[Site "Chess.com"]
[Date "2021.04.06"]
[Round "10"]
[White "Beca95"]
[Black "Aleksey_Sorokin"]
[Result "1-0"]
[WhiteElo "2929"]
[BlackElo "2812"]
[TimeControl "180+1"]
[EndTime "11:54:54 PDT"]
[Termination "Beca95 won by resignation"]

1. d4 Nf6 2. c4 g6 3. Nc3 d5 4. Nf3 Bg7 5. Qb3 dxc4 6. Qxc4 O-O 7. e4 Be6 8. d5 Bc8 9. e5 Nfd7 10. e6 Nb6 11.
Qh4 Nxd5 12. Ng5 Bxc3+ 13. bxc3 Nf6 14. exf7+ Kg7 15. Bc4 Qd6 16. Be3 Nc6 17. Rd1 Qe5 18.
O-O h6 19. Rfe1 Qf5 20. Ne6+ Bxe6 21. Bxh6+ Kxf7 22. Bxe6+ Qxe6 23. Rxe6 Kxe6 24. Bxf8 Rxf8 25. Qc4+ Kf5 26. h4 e5 27. f3 g5 28. h5 g4 29.
fxg4+ Kg5 30. Rf1 1-0